 Dungeon Crawl Stone Soup version 0.14.0-12-g87ee3b7 (webtiles) character file.

622 pulla180 the Skirmisher (level 6, -10/51 HPs)
             Began as a Demonspawn Abyssal Knight on Apr 17, 2014.
             Was a Priest of Lugonu.
             Mangled by pulla180's ghost (15 damage)
             ... on Level 4 of the Dungeon.
             The game lasted 00:20:50 (4382 turns).

pulla180 the Skirmisher (Demonspawn Abyssal Knight) Turns: 4382, Time: 00:20:50

HP -10/51        AC 13     Str 14      XL: 6   Next: 30%
MP   8/8         EV 10     Int 14      God: Lugonu [***...]
Gold 282         SH  0     Dex 12      Spells:  0 memorised,  5 levels left

rFire  . . .     SeeInvis .     a - +1,+2 mace
rCold  . . .     Clarity  .     o - +2 leather armour
rNeg   . . .     Conserve .     (no shield)
rPois  .         rCorr    .     p - +0 helmet
rElec  .         rRot     .     r - +0 cloak
SustAb . .       Spirit   .     (no gloves)
rMut   +         Warding  .     (no boots)
Saprov . . .     Stasis   .     i - amulet of resist mutation {unknown}
MR     +....                    j - +5,+3 ring of slaying
                                e - ring of protection from magic

@: somewhat resistant to hostile enchantments, very unstealthy
A: claws 1, iridescent scales 2, powered by death 1
a: Depart the Abyss, Bend Space, Banish, Renounce Religion


You were on level 4 of the Dungeon.
You worshipped Lugonu.
Lugonu was most pleased with you.
You were very hungry.

You visited 1 branch of the dungeon, and saw 4 of its levels.
You visited the Abyss 1 time.

You collected 282 gold pieces.

Inventory:

Hand weapons
 a - a +1,+2 mace (weapon)
Armour
 o - a +2 leather armour (worn)
 p - a +0 helmet (worn)
 r - a +0 cloak (worn)
Magical devices
 l - a wand of random effects (6)
Comestibles
 c - 4 bread rations
 g - 2 meat rations
 k - a lemon
 u - a lychee
 v - an apple
Scrolls
 b - 4 scrolls of identify
 f - 4 scrolls of remove curse
 n - a scroll of enchant weapon II
 q - a scroll of teleportation
 w - a scroll of fear
Jewellery
 e - a ring of protection from magic (left claw)
 i - an amulet of resist mutation (around neck) {unknown}
 j - a +5,+3 ring of slaying (right claw)
 m - a +3 ring of dexterity
 s - an uncursed amulet of resist corrosion {unknown}
 t - a +3 ring of dexterity
Potions
 d - 9 potions of curing
 h - a potion of resistance {unknown}
 x - a potion of brilliance {unknown}
 z - a potion of haste {unknown}


   Skills:
 + Level 5.3 Fighting
 + Level 4.1 Maces & Flails
 * Level 2.5 Armour
 - Level 0.8 Dodging
 - Level 2.4 Invocations


You had 5 spell levels left.
You didn't know any spells.

Dungeon Overview and Level Annotations

Branches:
Dungeon (4/15)
 Temple: D:4-7

Altars:
Dithmenos
Elyvilon

Annotations:
D:4 pulla180's ghost, average GrFi


Innate Abilities, Weirdness & Mutations

You have sharp fingernails.
You are mostly covered in iridescent scales (AC +6).
You can steal the life force of nearby defeated enemies.


Message History

Pulla180's ghost is severely damaged.
Pulla180's ghost hits you!
* * * LOW HITPOINT WARNING * * *
Pulla180's ghost hits you.
* * * LOW HITPOINT WARNING * * *
You hit pulla180's ghost but do no damage.
Pulla180's ghost is severely damaged.
Pulla180's ghost closely misses you.
Pulla180's ghost hits you but does no damage.
You sock pulla180's ghost!
Pulla180's ghost is almost destroyed.
Pulla180's ghost hits you.
* * * LOW HITPOINT WARNING * * *
You hit pulla180's ghost but do no damage.
Pulla180's ghost is almost destroyed.
Pulla180's ghost hits you but does no damage. x2
You hit pulla180's ghost but do no damage.
Pulla180's ghost is almost destroyed.
Pulla180's ghost barely misses you. Pulla180's ghost hits you!
You die...

#.......?..# # ########+### #
#####+####### #.......#
#...........# ##'##########
#...........# #...........# #
#.(.........###...........# #
##...........'.#.......[...# ###
.#...........#.#...........####.)
.'...........#.p@......<...'....#
##...........###...........######
#...........# #...........# #
############# #...........# #
#############


You could see pulla180's ghost.

Vanquished Creatures
  Crazy Yiuf (D:4)
  2 centaur skeletons (D:3)
  Ijyb (D:2)
  5 adders
  6 gnolls
  2 giant mites
  3 worms (D:2)
  An adder zombie (D:3)
  An iguana skeleton (D:3)
  A giant eyeball (D:4)
  2 oozes (D:2)
  An orc (D:3)
  10 bats
  3 giant cockroaches
  12 goblins
  10 hobgoblins
  7 jackals (D:3)
  4 quokkas
  2 ball pythons
  3 giant geckos
  5 giant newts
  A hobgoblin skeleton (D:3)
  10 kobolds
  2 kobold zombies (D:3)
  9 rats
104 creatures vanquished.

Notes
Turn   | Place    | Note
--------------------------------------------------------------
     0 | Abyss:1  | pulla180, the Demonspawn Abyssal Knight, began the quest for the Orb.
     0 | Abyss:1  | Reached XP level 1. HP: 18/18 MP: 1/1
    63 | Abyss:1  | Noticed a hungry ghost
    64 | Abyss:1  | Noticed a quasit
    64 | Abyss:1  | Noticed a rakshasa
    65 | D:1      | Escaped the Abyss
    68 | D:1      | Noticed a ghoul
    68 | D:1      | Noticed a vampire
    70 | D:1      | Noticed a draconian
    70 | D:1      | Noticed a dwarf
    72 | D:1      | Noticed a centaur
    72 | D:1      | Noticed a troll
    74 | D:1      | Noticed a tengu
    74 | D:1      | Noticed a naga
    78 | D:1      | Noticed an ogre
    78 | D:1      | Noticed a gargoyle
    80 | D:1      | Noticed a merfolk
    80 | D:1      | Noticed a spriggan
    82 | D:1      | Noticed an octopode
    82 | D:1      | Noticed a demonspawn
    86 | D:1      | Noticed a minotaur
    86 | D:1      | Noticed a demigod
    88 | D:1      | Noticed a human
    90 | D:1      | Noticed a vine stalker
    90 | D:1      | Noticed a felid
    92 | D:1      | Noticed a formicid
    92 | D:1      | Noticed an elf
   246 | D:1      | Gained mutation: You can steal the life force of nearby defeated enemies. [demonic ancestry]
   246 | D:1      | Reached XP level 2. HP: 1/24 MP: 2/2
   248 | D:1      | Acquired Lugonu's first power
   969 | D:1      | Reached XP level 3. HP: 25/30 MP: 4/4
  1225 | D:2      | Reached skill level 4 in Fighting
  1516 | D:1      | HP: 1/30 [gnoll/spear (1)]
  1846 | D:2      | Gained mutation: You are partially covered in iridescent scales (AC +4). [demonic ancestry]
  1846 | D:2      | Reached XP level 4. HP: 23/38 MP: 5/5
  2221 | D:2      | Noticed Ijyb
  2229 | D:2      | Killed Ijyb
  2447 | D:2      | Acquired Lugonu's second power
  2447 | D:2      | Gained mutation: You have sharp fingernails. [demonic ancestry]
  2447 | D:2      | Reached XP level 5. HP: 27/43 MP: 6/6
  2450 | D:2      | Reached skill level 5 in Fighting
  2701 | D:2      | Found a shadowy altar of Dithmenos.
  3723 | D:3      | Acquired Lugonu's third power
  3723 | D:3      | Gained mutation: You are mostly covered in iridescent scales (AC +6). [demonic ancestry]
  3723 | D:3      | Reached XP level 6. HP: 46/51 MP: 8/8
  3891 | D:4      | Paralysed by a giant eyeball for 4 turns
  3897 | D:4      | Paralysed by a giant eyeball for 4 turns
  3970 | D:4      | Found a white marble altar of Elyvilon.
  4034 | D:4      | Noticed Crazy Yiuf
  4043 | D:4      | Killed Crazy Yiuf
  4321 | D:4      | Noticed pulla180's ghost (average GrFi)
  4382 | D:4      | Mangled by pulla180's ghost

Action                   |  1- 3 |  4- 6 || total
-------------------------+-------+-------++-------
Melee: Mace              |   120 |   233 ||   353
Invok: Depart the Abyss  |     1 |       ||     1
Evoke: Wand              |       |     6 ||     6
  Use: Potion            |     3 |     2 ||     5
       Scroll            |       |    11 ||    11
